 Dungeon Crawl Stone Soup version 0.28-a0-1510-gd0f6b136d3 (webtiles) character file.

Game seed: 16672173350908127550

131 Shayle the Insei (level 5, -2/40 HPs)
             Began as a Djinni Warper on Jan 16, 2022.
             Slain by a hobgoblin zombie (3 damage)
             ... in an ossuary.
             The game lasted 00:09:18 (4205 turns).

Shayle the Insei (Djinni Warper)                    Turns: 4205, Time: 00:09:20

Health: -2/40      AC:  3    Str: 10    XL:     5   Next: 37%
Gold:   165        EV: 12    Int: 16    God:
                   SH:  0    Dex: 13

rFire   + + .      SeeInvis .   l - +3 dagger (venom)
rCold   x . .      Faith    .   (no shield)
rNeg    . . .      Spirit   .   a - +0 leather armour
rPois   ∞          Reflect  .   (no helmet)
rElec   .          Harm     .   (no cloak)
rCorr   .          Rampage  .   (no gloves)
Will    .....                   (boots unavailable)
Stlth   +.........              (no amulet)
HPRegen 0.13/turn               (no ring)
MPRegen 0.00/turn               (no ring)

@: about to teleport, weak-willed, marked, flying
A: sickness immunity, fire resistance 2, cold vulnerability 1, float, innate
caster, hp casting, extra vitality 1
a: no special abilities


You were in an ossuary.
You visited 1 branch of the dungeon, and saw 4 of its levels.
You also visited: Ossuary.

You collected 165 gold pieces.

Inventory:

Hand Weapons
 l - a +3 dagger of venom (weapon)
Missiles
 j - 3 poisoned darts (quivered)
Armour
 a - a +0 leather armour (worn)
 d - a +0 buckler
Wands
 k - a wand of digging (9)
Scrolls
 i - a scroll of identify
 m - a scroll of noise
 n - a scroll of magic mapping {unknown}
Potions
 f - a potion of mutation {unknown}
 g - a potion of attraction {unknown}


   Skills:
 + Level 2.8 Fighting
 - Level 0.7 Throwing
 - Level 1.0 Armour
 + Level 3.1 Dodging
 * Level 3.6 Unarmed Combat
 + Level 2.8 Spellcasting


You couldn't memorise any spells.
You knew the following spells:

 Your Spells              Type           Power      Damage    Failure   Level
a - Blink                 Tloc           22%        N/A       12%         2
b - Lesser Beckoning      Tloc           11%        N/A       24%         3
c - Gell's Gravitas       Tloc           11%        N/A       24%         3
d - Teleport Other        Tloc           11%        N/A       24%         3
e - Manifold Assault      Tloc           11%        N/A       91%         5
f - Sting                 Tmut/Pois      44%        1d5       8%          1
g - Call Imp              Summ           11%        N/A       12%         2
Your spell library was empty.

Dungeon Overview and Level Annotations

Branches:
Dungeon (4/15)            Ossuary (1/1)
 Temple: D:4-7

Altars:
Okawaru

Shops:
D:3 =


Innate Abilities, Weirdness & Mutations

You are immune to sickness and miasma.
You are immune to poison.
Your flesh is very heat resistant. (rF++)
You are vulnerable to cold. (rC-)
You float through the air rather than walking.
You learn spells naturally, not from books.
Your magical power is your life essence.
You have superior vitality. (+4 MHP)


Message History

The mark upon you grows brighter.
As you read the scroll labelled NIZOON FUUSE, it crumbles to dust.
You hear a loud clanging noise!
It was a scroll of noise.
Your white imp hits the mummy but does no damage.
As you read the scroll labelled CETYTELOPO, it crumbles to dust.
Magic quickly surges around you.
It was a scroll of vulnerability.
The centaur zombie closely misses you. The centaur zombie barely misses you.
You feel better. The centaur zombie hits you.
* * * LOW HITPOINT WARNING * * *
The centaur zombie kicks you but does no damage.
The centaur zombie closely misses you. The centaur zombie barely misses you.
The centaur zombie hits you.
* * * LOW HITPOINT WARNING * * *
The centaur zombie kicks you but does no damage.
The hobgoblin zombie sets off the alarm!
The alarm trap emits a blaring wail!
The mark upon you grows brighter.
The centaur zombie hits you but does no damage.
The centaur zombie kicks you but does no damage.
Unknown command.
Okay, then.
Casting: Blink (safe; 12% risk of failure)
Confirm with . or Enter, or press ? or * to list all spells.
You are still too unstable to blink.
Your white imp gestures at the mummy.
The puff of frost hits the mummy.
The mummy resists.
The mummy hits your white imp. The centaur zombie hits you.
* * * LOW HITPOINT WARNING * * *
The centaur zombie closely misses you. x2; The centaur zombie kicks you.
* * * LOW HITPOINT WARNING * * *
Unknown command.
As you read the scroll labelled ZOALIEJULU, it crumbles to dust.
You feel strangely unstable.
It was a scroll of teleportation.
You feel stable enough to blink again.
Your white imp completely misses the mummy.
The centaur zombie closely misses you.
The centaur zombie kicks you but does no damage.
The centaur zombie barely misses you. x2; The hobgoblin zombie hits you.
You die...

#############
###########.#.#.#.#.#.#
##.................^^^^.
#............^..^......^
#.....∩.∩.5M............
#.........^M....Z.......
##...........^ZZZZ......
###########.#.#@#.#.#.#
########### #


You could see 2 mummies, 2 hobgoblin zombies, 3 centaur zombies and a friendly
white imp (summoned, weak-willed).

Vanquished Creatures
  An iguana (D:4)
  A mummy (Ossuary)
  2 adders
  5 worms
  A dart slug (D:2)
  4 bats
  8 endoplasms
  A giant cockroach (D:2)
  6 goblins
  5 hobgoblins
  3 jackals (D:1)
  A quokka (D:2)
  6 ball pythons
  3 frilled lizards (D:1)
  8 kobolds
  A rat (D:1)
56 creatures vanquished.

Notes
Turn   | Place    | Note
-------+----------+-------------------------------------------
     0 | D:1      | Shayle the Djinni Warper began the quest for the Orb.
     0 | D:1      | Reached XP level 1. HP: 18/18 MP: 0/0
   143 | D:2      | Reached XP level 2. HP: 7/23 MP: 0/0
   757 | D:1      | Reached XP level 3. HP: 23/28 MP: 0/0
   757 | D:1      | Learned a level 1 spell: Sting
  1512 | D:2      | HP: 1/29 [worm (8)]
  1534 | D:2      | HP: 1/29 [giant cockroach (1)]
  1540 | D:2      | HP: 1/29 [giant cockroach (1)]
  2073 | D:2      | Reached XP level 4. HP: 26/34 MP: 0/0
  3061 | D:3      | Found Ynum Exots's Jewellery Shop.
  3539 | D:3      | Found an iron altar of Okawaru.
  3608 | D:3      | Found a faded altar of an unknown god.
  4073 | D:4      | Reached XP level 5. HP: 7/40 MP: 0/0
  4073 | D:4      | Learned a level 2 spell: Call Imp
  4169 | D:4      | Noticed a necrophage
  4173 | D:4      | Found a sand-covered staircase.
  4180 | Ossuary  | Entered an ossuary
  4204 | Ossuary  | HP: 1/40 [centaur zombie (2)]
  4205 | Ossuary  | Slain by a hobgoblin zombie

Illustrated notes

Levels and vault maps discovered:
D:1:      ncdulo_wetmaze, layout_loops_ring
D:2:      layout_loops_ring, minmay_quadrilaterals
D:3:      layout_loops_ring, okawaru_trees_1,
          chequers_ecumenical_altar_simple_redux, serial_shops,
          nicolae_square_shop, minmay_misc_feat_enclosed
D:4:      minmay_angry_zag, layout_loops_ring, nicolae_qazlal_general_emergency,
          nicolae_ossuary_entry_monument, nzn_random_ring
Ossuary:  ossuary_the_hunt_dpeg

Skill      XL: |  1  2  3  4 |
---------------+-------------+-----
Unarmed Combat | 3 |  3.6
Dodging        | 3 |  3.1
Fighting       | |  2.8
Throwing       | |  0.7
Armour         | |  1.0
Spellcasting   | |  2.8

Action                   |  1- 3 |  4- 6 || total
-------------------------+-------+-------++-------
Melee: Unarmed           |    98 |    31 ||   129
       Punch             |     1 |     1 ||     2
       Dagger            |       |    29 ||    29
Throw: Boomerang         |     5 |       ||     5
 Cast: Sting             |    27 |    40 ||    67
       Blink             |       |     2 ||     2
       Call Imp          |       |     2 ||     2
  Use: Scroll            |     2 |     3 ||     5
       Potion            |     1 |     3 ||     4
Armor: Leather armour    |    32 |    30 ||    62
Dodge: Dodged            |    94 |    64 ||   158

Table legend: (Time is in decaauts)
 A = Elapsed time spent in this place.
 B = Non-inter-level travel time spent in this place.
 C = Inter-level travel time spent in this place.
 D = Time resting spent in this place.
 E = Time spent auto-exploring this place.
 F = Levels seen in this place.
 G = Mean time per level.
                   A        B        C        D        E       F      G
               +--------+--------+--------+--------+--------+-----+--------+
         Total |   4200 |   4060 |    140 |   1023 |   2294 |   5 |  840.0 |
       Dungeon |   4175 |   4035 |    140 |   1023 |   2294 |   4 | 1043.8 |
       Ossuary |     24 |     24 |      0 |      0 |      0 |   1 |   24.0 |
               +--------+--------+--------+--------+--------+-----+--------+

Top non-repeatable levels by time:
     D:1: 1467 daAuts
     D:2: 1382 daAuts
     D:3: 1208 daAuts
     D:4: 116 daAuts
 Ossuary: 24 daAuts
